 Dungeon Crawl Stone Soup version 0.31-a0-277-g31ea1f6 (webtiles) character file.

Game seed: 8694657630910079580

109 Dawnplanks the Gusty (level 4, 0/24 HPs)
             Began as a Tengu Air Elementalist on July 15, 2023.
             Slain by an iguana (12 damage)
             ... on level 4 of the Dungeon.
             The game lasted 00:06:53 (3467 turns).

Dawnplanks the Gusty (Tengu Air Elementalist)       Turns: 3467, Time: 00:06:53

Health: 0/24       AC:  2    Str:  9    XL:     4   Next: 90%
Magic:  2/9        EV: 12    Int: 17    God:
Gold:   192        SH:  0    Dex: 14    Spells: 2/8 levels left

rFire   . . .        u - +2 falchion (freeze)
rCold   . . .        (no shield)
rNeg    . . .        a - +0 robe
rPois   .            (helmet restricted)
rElec   .            g - scarf {+Inv}
rCorr   .            (no gloves)
SInv    .            (boots unavailable)
Will    .....        (no amulet)
Stlth   ++           r - ring of wizardry
HPRegen 0.24/turn    (no ring)
MPRegen 0.11/turn

%: wizardry (x1)
@: very slightly contaminated
A: beak, talons 3
a: Evoke Invisibility


You were on level 4 of the Dungeon.
You visited 1 branch of the dungeon, and saw 4 of its levels.

You collected 192 gold pieces.

Inventory:

Hand Weapons
 j - a +1 dagger of holy wrath
 u - a +2 falchion of freezing (weapon)
Armour
 a - a +0 robe (worn)
 g - a scarf of invisibility (worn)
Jewellery
 r - a ring of wizardry (left hand)
Scrolls
 d - 4 scrolls of identify {unknown}
 f - a scroll of immolation {unknown}
 i - a scroll of noise {unknown}
 l - a scroll of vulnerability {unknown}
 m - a scroll of amnesia {unknown}
 o - a scroll of fear {unknown}
 s - 2 scrolls of revelation {unknown}
 t - a scroll of enchant weapon {unknown}
Potions
 b - a potion of magic
 c - a potion of cancellation {unknown}
 e - a potion of might {unknown}
 h - 2 potions of degeneration {unknown}
 k - 2 potions of curing {unknown}
 n - a potion of brilliance {unknown}
 p - 2 potions of resistance {unknown}
 q - a potion of haste {unknown}


   Skills:
 + Level 2.4 Dodging
 - Level 2.0 Stealth
 + Level 2.8 Spellcasting
 + Level 3.7 Conjurations
 + Level 5.2 Air Magic


You had 2 spell levels left.
You knew the following spells:

 Your Spells              Type           Power      Damage    Failure   Level
a - Shock                 Conj/Air       68%        1d7       1%          1
b - Static Discharge      Conj/Air       34%        2-4/arc   1%          2
c - Swiftness             Air            20%        N/A       2%          3

Your spell library contained the following spells:

 Spells                   Type           Power      Damage    Failure   Level
 Wereblood                Tmut           2%         N/A       11%         2
 Airstrike                Air            10%        2d(2-18)  9%          4
 Irradiate                Conj/Tmut      4%         3d13      65%         5


Dungeon Overview and Level Annotations

Branches:
Dungeon (4/15)
 Temple: D:4-7

Altars:

Shops:
D:3 [


Innate Abilities, Weirdness & Mutations

You have a beak for a mouth.
You have claws for feet.


Message History

You climb downwards.
There is a stone staircase leading up here.
Magic restored.
Found a stone staircase leading down.
Found a flail.
Found 5 stones.
You see here a +0 flail.
Found a scale mail.
The iguana hisses angrily.
The zap hits the iguana.
The iguana is lightly wounded.
The zap hits the iguana but does no damage.
The iguana is lightly wounded.
The zap hits the iguana.
The iguana is moderately wounded.
The zap hits the iguana.
The iguana is heavily wounded.
The zap misses the iguana.
That beam is likely to hit you.
Continue anyway?
Okay, then.
You see here 5 stones.
The iguana attacks as you move away! The iguana barely misses you.
The zap misses the iguana. x2; The iguana bites you!
Ouch! That really hurt!
You are too injured to fight recklessly!
Aiming: Shock (safe; 1% risk of failure)
Press: ? - help, Q - select action, (/) - cycle Shift-Dir - straight line, p - iguana You miscast Shock.
You are very lightly contaminated with residual magic.
Nothing appears to happen.
The iguana closely misses you.
Aiming: Shock (safe; 1% risk of failure)
Press: ? - help, Q - select action, (/) - cycle Shift-Dir - straight line The zap hits the iguana!
The iguana is almost dead.
The zap hits the iguana but does no damage.
The iguana is almost dead.
The iguana bites you!
Ouch! That really hurt!
You die...

#. ..........
##.###.........
#..............
#...[..........
#.............. ..
#..........!...
..###.##..........
##..........@l..#
####...............#
#..........>.......#
#..............#####
#..............#
.............)#
.............#
######.........#
#..........#.###


You could see an iguana.

Vanquished Creatures
  Terence (D:3)
  An adder (D:3)
  3 worms
  3 orcs (D:3)
  6 endoplasms
  4 goblins (D:1)
  11 hobgoblins
  4 jackals (D:2)
  3 quokkas
  8 ball pythons
  4 bats
  4 frilled lizards
  5 kobolds
  5 rats
62 creatures vanquished.

Notes
Turn   | Place    | Note
-------+----------+-------------------------------------------
     0 | D:1      | Dawnplanks the Tengu Air Elementalist began the quest for
                  | the Orb.
     0 | D:1      | Reached XP level 1. HP: 10/10 MP: 4/4
   278 | D:1      | Reached XP level 2. HP: 15/15 MP: 4/6
   678 | D:1      | Found a faded altar of an unknown god.
  1241 | D:1      | Reached XP level 3. HP: 19/19 MP: 4/7
  1808 | D:2      | Reached skill level 5 in Air Magic
  2012 | D:2      | Learned a level 2 spell: Static Discharge
  2016 | D:2      | Learned a level 3 spell: Swiftness
  2551 | D:3      | Reached XP level 4. HP: 24/24 MP: 4/8
  2674 | D:3      | Found Wuecleidu's Antique Armour Shoppe.
  3055 | D:3      | Noticed Terence
  3067 | D:3      | Killed Terence
  3356 | D:4      | Noticed a black bear
  3467 | D:4      | Slain by an iguana

Illustrated notes

Levels and vault maps discovered:
D:1:      denvon_arrival_waterhouse, layout_loops_corners,
          ebering_ecumenical_altar_petrified, minmay_heptomino_h4
D:2:      wander_river, layout_loops_cross, kennysheep_crisscross,
          grunt_decor_cap
D:3:      layout_basic, serial_shops, shop, uniq_terence
D:4:      layout_basic, serial_undead, serial_undead_c, serial_undead_f,
          serial_undead_f, serial_undead_a, gammafunk_ghost_nasty_kobolds,
          grunt_decor_arrowhead

Skill      XL: |  1  2  3  4 |
---------------+-------------+-----
Conjurations   | 2 3 |  3.7
Air Magic      | 5 |  5.2
Dodging        | |  2.4
Stealth        | |  2.0
Spellcasting   | |  2.8

Action                     |  1- 3 |  4- 6 || total
---------------------------+-------+-------++-------
  Melee: Unarmed           |     5 |       ||     5
         Peck              |     3 |       ||     3
         Kick              |     3 |       ||     3
         Short sword       |     1 |       ||     1
         Dagger            |     5 |       ||     5
   Cast: Shock             |   100 |    52 ||   152
 Armour: Robe              |     5 |     1 ||     6
  Dodge: Dodged            |    16 |     6 ||    22

Table legend: (Time is in decaauts)
 A = Elapsed time spent in this place.
 B = Non-inter-level travel time spent in this place.
 C = Inter-level travel time spent in this place.
 D = Time resting spent in this place.
 E = Time spent auto-exploring this place.
 F = Levels seen in this place.
 G = Mean time per level.
                   A        B        C        D        E       F      G
               +--------+--------+--------+--------+--------+-----+--------+
         Total |   3472 |   3308 |    164 |     96 |   2837 |   4 |  868.0 |
       Dungeon |   3472 |   3308 |    164 |     96 |   2837 |   4 |  868.0 |
               +--------+--------+--------+--------+--------+-----+--------+

Top non-repeatable levels by time:
     D:1: 1507 daAuts
     D:2: 1001 daAuts
     D:3: 896 daAuts
     D:4: 67 daAuts
